 Dungeon Crawl Stone Soup version 0.29-a0-275-g389c0b56f3 (webtiles) character file.

Game seed: 17099641061383467153

303 sammy202020 the Skirmisher (level 6, -8/84 HPs)
             Began as a Minotaur Berserker on Mar 10, 2022.
             Was a Priest of Trog.
             Mangled by Edmund
             ... wielding a +5 vorpal flail
              (14 damage)
             ... on level 4 of the Dungeon.
             The game lasted 00:05:49 (3005 turns).

sammy202020 the Skirmisher (Minotaur Berserker)     Turns: 3005, Time: 00:05:50

Health: -8/84      AC: 10    Str: 21    XL:     6   Next: 15%
Magic:  5/5        EV:  8    Int:  6    God:    Trog [***...]
Gold:   89         SH:  0    Dex: 10    Spells: 5/5 levels left

rFire   . . .      SeeInvis .   a - +1 hand axe
rCold   . . .      Faith    .   (no shield)
rNeg    . . .      Spirit   .   i - +0 chain mail
rPois   .          Reflect  .   (helmet restricted)
rElec   .          Harm     .   (no cloak)
rCorr   .          Rampage  .   (no gloves)
Will    .....                   h - +0 pair of boots
Stlth   ..........              (no amulet)
HPRegen 0.24/turn               (no ring)
MPRegen 0.09/turn               (no ring)

@: berserking, very quick
A: horns 2, retaliatory headbutt
a: Renounce Religion, Berserk, Trog's Hand


You were on level 4 of the Dungeon.
You worshipped Trog.
Trog was most pleased with you.
You visited 1 branch of the dungeon, and saw 4 of its levels.

You collected 89 gold pieces.

Inventory:

Hand Weapons
 a - a +1 hand axe (weapon)
 f - a +0 whip
Armour
 h - a +0 pair of boots (worn)
 i - a +0 chain mail (worn)
Wands
 j - a wand of flame (4)
Scrolls
 g - a scroll of teleportation {unknown}
 k - 2 scrolls of enchant weapon
Potions
 b - a potion of cancellation
 c - a potion of curing {unknown}
 d - a potion of flight {unknown}
 e - a potion of haste {unknown}
 l - a potion of brilliance {unknown}
Miscellaneous
 m - a piece from Xom's chessboard (13/15)


   Skills:
 * Level 5.4 Fighting
 * Level 5.3 Axes
 * Level 4.7 Armour
 + Level 3.2 Dodging


You had 5 spell levels left.
You didn't know any spells.
Your spell library was empty.

Dungeon Overview and Level Annotations

Branches:
Dungeon (4/15)
 Temple: D:4-7

Altars:

Annotations:
D:4 Edmund


Innate Abilities, Weirdness & Mutations

You have a pair of horns on your head.
You reflexively headbutt those who attack you in melee.


Message History

You hit the endoplasm.
You kill the endoplasm!
Trog accepts your kill.
You completely miss Edmund. Your headbutt misses Edmund.
Edmund hits you with a +5 vorpal flail!
You hit Edmund.
Edmund is lightly wounded.
Edmund hits you but does no damage.
You hit Edmund but do no damage. Your headbutt misses Edmund.
Edmund is lightly wounded.
Edmund hits you but does no damage.
You closely miss Edmund.
Edmund is lightly wounded.
Edmund hits you with a +5 vorpal flail.
You barely miss Edmund. Your headbutt misses Edmund.
Edmund is lightly wounded.
Edmund hits you with a +5 vorpal flail.
You hit Edmund.
Edmund is lightly wounded.
Edmund hits you with a +5 vorpal flail.
You barely miss Edmund.
Edmund is lightly wounded.
Edmund hits you with a +5 vorpal flail.
You make a move on Xom's chessboard...
Edmund seems to grow stronger.
Edmund hits you with a +5 vorpal flail!
* * * LOW HITPOINT WARNING * * *
x2
Okay, then.
A red film seems to cover your vision as you go berserk!
You feel yourself moving faster!
You feel mighty! Edmund barely misses you. You furiously retaliate!
You headbutt Edmund! You hit Edmund but do no damage.
Edmund is heavily wounded.
You barely miss Edmund.
Edmund is heavily wounded.
Edmund hits you with a +5 vorpal flail!
* * * LOW HITPOINT WARNING * * *
x2 You hit Edmund.
Edmund is heavily wounded.
Edmund hits you with a +5 vorpal flail!
You die...

####
....!...####
.....>...#..
#.....?...#.#
#.........#@#
#.........#@##
#.......@....#
#............#
#............#
#............#
+.)....<.....#
#............#
#####+####...#


You could see Edmund (strong).

Vanquished Creatures
  The ghost of pigah the Gusty, an amateur OpAE of Gozag (D:3)
  An ice beast (D:3)
  2 adders (D:3)
  A worm (D:3)
  4 dart slugs
  An orc (D:3)
  7 ball pythons
  7 bats
  6 endoplasms
  5 giant cockroaches
  8 hobgoblins
  8 kobolds
  7 quokkas
  5 frilled lizards
  3 goblins
  3 rats
69 creatures vanquished.

Notes
Turn   | Place    | Note
-------+----------+-------------------------------------------
     0 | D:1      | sammy202020 the Minotaur Berserker began the quest for the
                  | Orb.
     0 | D:1      | Reached XP level 1. HP: 19/19 MP: 0/0
   137 | D:1      | Reached XP level 2. HP: 9/27 MP: 1/1
   748 | D:1      | Found a faded altar of an unknown god.
   765 | D:1      | Reached XP level 3. HP: 27/33 MP: 2/2
  1475 | D:2      | Reached ** piety under Trog
  1934 | D:3      | Noticed an ice beast
  1945 | D:3      | Killed an ice beast
  1946 | D:3      | Reached XP level 4. HP: 27/41 MP: 3/3
  1946 | D:3      | Reached XP level 5. HP: 31/47 MP: 4/4
  2183 | D:3      | Reached skill level 5 in Fighting
  2746 | D:3      | Reached *** piety under Trog
  2895 | D:3      | Found a large runed translucent door.
  2895 | D:3      | Found a large runed translucent door.
  2899 | D:3      | Noticed pigah's ghost (amateur OpAE)
  2921 | D:3      | Killed pigah's ghost
  2922 | D:3      | Reached skill level 5 in Axes
  2922 | D:3      | Reached XP level 6. HP: 49/56 MP: 5/5
  2982 | D:4      | Noticed Edmund
  3005 | D:4      | Mangled by Edmund

Illustrated notes

Levels and vault maps discovered:
D:1:      onia_arrival_mini_spirals, layout_basic,
          hellmonk_ecumenical_altar_blasted
D:2:      layout_loops_ring, hangedman_decor_diamond_cutter, item_on_display_a
D:3:      minmay_diamond_boxcup, layout_basic, ebering_ghost_disaster_area
D:4:      layout_basic, uniq_edmund

Skill      XL: |  1  2  3  4  5 |
---------------+----------------+-----
Axes           | 4 5 |  5.3
Fighting       | 4 5 |  5.4
Armour         | 3 4 |  4.7
Dodging        | 3 |  3.2

Action                   |  1- 3 |  4- 6 || total
-------------------------+-------+-------++-------
Melee: Hand axe          |    99 |    80 ||   179
       Headbutt          |    11 |     9 ||    20
       Punch             |     1 |     2 ||     3
 Fire: Hand crossbow     |     6 |       ||     6
Invok: Berserk           |       |     1 ||     1
Evoke: Piece from Xom's  |       |     2 ||     2
  Use: Scroll            |       |     5 ||     5
Armor: Animal skin       |    17 |       ||    17
       Chain mail        |    11 |    39 ||    50
       Scale mail        |     9 |       ||     9
Dodge: Dodged            |    59 |    36 ||    95

Table legend: (Time is in decaauts)
 A = Elapsed time spent in this place.
 B = Non-inter-level travel time spent in this place.
 C = Inter-level travel time spent in this place.
 D = Time resting spent in this place.
 E = Time spent auto-exploring this place.
 F = Levels seen in this place.
 G = Mean time per level.
                   A        B        C        D        E       F      G
               +--------+--------+--------+--------+--------+-----+--------+
         Total |   3020 |   2935 |     85 |      0 |   2385 |   4 |  755.0 |
       Dungeon |   3020 |   2935 |     85 |      0 |   2385 |   4 |  755.0 |
               +--------+--------+--------+--------+--------+-----+--------+

Top non-repeatable levels by time:
     D:1: 1352 daAuts
     D:3: 1100 daAuts
     D:2: 545 daAuts
     D:4: 22 daAuts
